 Dungeon Crawl Stone Soup version 0.28-a0-628-g3c9886e45e (webtiles) character file.

Game seed: 2226740736351753422

32 bande the Shield-Bearer (level 3, 0/23 HPs)
             Began as a Gargoyle Fighter on Oct 8, 2021.
             Slain by a gnoll (2 damage)
             ... on level 2 of the Dungeon.
             The game lasted 00:01:07 (1112 turns).

bande the Shield-Bearer (Gargoyle Fighter)          Turns: 1112, Time: 00:01:08

Health: 0/23       AC: 10    Str: 20    XL:     3   Next: 25%
Magic:  3/3        EV:  9    Int:  8    God:
Gold:   26         SH:  4    Dex:  9    Spells: 2/2 levels left

rFire   . . .      SeeInvis .   a - +0 war axe
rCold   . . .      Faith    .   c - +0 buckler
rNeg    + . .      Spirit   .   b - +0 scale mail
rPois   ∞          Reflect  .   (no helmet)
rElec   +          Harm     .   (no cloak)
rCorr   .          Rampage  .   (no gloves)
Will    .....                   (no boots)
Stlth   ..........              (no amulet)
HPRegen 0.07/turn               (no ring)
MPRegen 0.08/turn               (no ring)

@: no status effects
A: sickness immunity, AC +3, negative energy resistance 1, electricity
resistance, torment resistance 1, petrification resistance
a: no special abilities


You were on level 2 of the Dungeon.
You visited 1 branch of the dungeon, and saw 2 of its levels.

You collected 26 gold pieces.

Inventory:

Hand Weapons
 a - a +0 war axe (weapon)
Armour
 b - a +0 scale mail (worn)
 c - a +0 buckler (worn)
Scrolls
 e - a scroll of identify {unknown}
 f - a scroll of amnesia {unknown}
 i - a scroll of blinking {unknown}
Potions
 d - a potion of might
 g - a potion of resistance {unknown}
 h - a potion of curing {unknown}
 j - a potion of brilliance {unknown}


   Skills:
 + Level 3.6 Fighting
 + Level 2.3 Axes
 + Level 3.6 Armour
 + Level 3.7 Shields


You had 2 spell levels left.
You didn't know any spells.
Your spell library contained the following spells:

 Spells                   Type           Power      Damage    Failure   Level
 Sandblast                Erth           0%         2d4       77%         1
 Passwall                 Tmut/Erth      0%         N/A       88%         2
 Stone Arrow              Conj/Erth      0%         3d7       98%         3


Dungeon Overview and Level Annotations

Branches:
Dungeon (2/15)

Altars:


Innate Abilities, Weirdness & Mutations

You are immune to sickness and miasma.
Your stone body is resilient. (AC +3)
You are immune to poison.
You resist negative energy. (rN+)
You are resistant to electric shocks. (rElec)
You are resistant to unholy torment.
You are immune to petrification.


Message History

The adder bites you. The adder bites you but does no damage.
A rat comes into view.
You barely miss the adder. The adder bites you but does no damage.
A gnoll comes into view. It is wielding a +0 halberd.
The adder bites you but does no damage.
You closely miss the adder.
The gnoll shouts!
The adder bites you but does no damage. x2; The gnoll barely misses you.
You hit the gnoll.
The gnoll is heavily wounded.
You barely miss the adder. The adder bites you but does no damage.
The gnoll hits you with a +0 flail. The adder bites you but does no damage.
You barely miss the gnoll.
The gnoll is heavily wounded.
You hit the gnoll. You barely miss the adder. The adder barely misses you.
The gnoll hits you with a +0 flail!
* * * LOW HITPOINT WARNING * * *
The gnoll barely misses you.
You are too injured to fight recklessly!
You are too injured to fight recklessly!
You are too injured to fight recklessly!
You are too injured to fight recklessly!
You are too injured to fight recklessly!
You are too injured to fight recklessly!
You are too injured to fight recklessly!
Unknown command.
The rat bites you but does no damage. The adder barely misses you.
The gnoll barely misses you. The adder bites you but does no damage.
The adder completely misses you. The adder closely misses you.
Found a stone staircase leading down.
The adder barely misses you. The adder bites you.
* * * LOW HITPOINT WARNING * * *
There is a stone staircase leading down here.
The adder bites you.
* * * LOW HITPOINT WARNING * * *
The gnoll hits you from afar with a +0 halberd.
You die...

.#.# #. ... ##. ... .
..# ... .... # #.#
..###.... # #.#######
#........ # #.##.....
#........
####....########........
.......g.g.g.r.#........
####..########gS@.......
#..# ###........ # ....#
#........ ...#.##
#........ ..##.#
#........ ......
######### ####.#


You could see 3 gnolls, an adder and a rat.

Vanquished Creatures
  2 dart slugs (D:1)
  2 bats (D:1)
  6 endoplasms (D:1)
  A giant cockroach (D:1)
  5 goblins
  4 hobgoblins
  A kobold (D:1)
  2 rats (D:1)
23 creatures vanquished.

Notes
Turn   | Place    | Note
-------+----------+-------------------------------------------
     0 | D:1      | bande the Gargoyle Fighter began the quest for the Orb.
     0 | D:1      | Reached XP level 1. HP: 14/14 MP: 1/1
   363 | D:1      | Reached XP level 2. HP: 19/19 MP: 2/2
   705 | D:1      | Reached XP level 3. HP: 18/23 MP: 3/3
  1112 | D:2      | Slain by a gnoll

Illustrated notes

Levels and vault maps discovered:
D:1:      lightli_arrival_isolated_outpost, layout_loops_ring
D:2:      layout_rooms, dreamdust_ecumenical_altar_sealed_demon,
          minmay_mini_jars, uniq_terence

Skill      XL: |  1  2 |
---------------+-------+-----
Axes           | 2 |  2.3
Fighting       | |  3.6
Armour         | |  3.6
Shields        | |  3.7

Action                   || total
-------------------------++-------
Melee: War axe           ||    72
Armor: Scale mail        ||    43
Dodge: Dodged            ||    29
Block: Buckler           ||    12

Table legend: (Time is in decaauts)
 A = Elapsed time spent in this place.
 B = Non-inter-level travel time spent in this place.
 C = Inter-level travel time spent in this place.
 D = Time resting spent in this place.
 E = Time spent auto-exploring this place.
 F = Levels seen in this place.
 G = Mean time per level.
                   A        B        C        D        E       F      G
               +--------+--------+--------+--------+--------+-----+--------+
         Total |   1148 |   1148 |      0 |     62 |    884 |   2 |  574.0 |
       Dungeon |   1148 |   1148 |      0 |     62 |    884 |   2 |  574.0 |
               +--------+--------+--------+--------+--------+-----+--------+

Top non-repeatable levels by time:
     D:1: 1106 daAuts
     D:2: 42 daAuts
